 Dungeon Crawl Stone Soup version 0.30-a0-528-g8c47a4955b (webtiles) character file.

Game seed: 1081547940603526179

43 kae the Conjurer (level 3, 0/12 (28) HPs)
             Began as a Demonspawn Reaver on Dec 23, 2022.
             Succumbed to an adder's poison
             ... on level 2 of the Dungeon.
             The game lasted 00:01:01 (742 turns).

kae the Conjurer (Demonspawn Reaver)                 Turns: 742, Time: 00:01:01

HP:   0/12 (28)     AC:  6    Str: 17    XL:     3   Next: 37%
MP:   5/6           EV: 11    Int: 14    God:
Gold: 82            SH:  4    Dex: 11    Spells: 5/6 levels left

rFire   . . .      SeeInvis .    a - +0 falchion
rCold   . . .      Faith    .    (no shield)
rNeg    . . .      Spirit   .    b - +0 leather armour
rPois   .          Reflect  .    (no helmet)
rElec   .          Harm     .    c - +0 cloak
rCorr   .          Rampage  .    d - +1 pair of gloves {Str+3}
Will    .....                    (no boots)
Stlth   +                        (no amulet)
HPRegen 0.22/turn                (no ring)
MPRegen 0.10/turn                (no ring)

@: lethally poisoned (0 -> -1), extremely drained
A: claws 1, condensation shield
a: no special abilities


You were on level 2 of the Dungeon.
You visited 1 branch of the dungeon, and saw 2 of its levels.

You collected 82 gold pieces.


Innate Abilities, Weirdness & Mutations

You have sharp fingernails.
A meltable shield of frost defends you. (SH +4)


   Skills:
 + Level 2.3 Fighting
 * Level 3.2 Long Blades
 + Level 2.1 Dodging
 + Level 2.2 Spellcasting
 + Level 3.3 Conjurations


You had 5 spell levels left.
You knew the following spells:

 Your Spells              Type           Power      Damage    Failure   Level
a - Kiss of Death         Conj/Necr      24%        2d7       14%         1

Your spell library contained the following spells:

 Spells                   Type           Power      Damage    Failure   Level
 Momentum Strike          Conj/Tloc      12%        3d8       22%         2
 Hailstorm                Conj/Ice       6%         3d4       41%         3

Inventory:

Hand Weapons
 a - a +0 falchion (weapon)
Missiles
 f - 9 stones
 j - 6 javelins
Armour
 b - a +0 leather armour (worn)
 c - a +0 cloak (worn)
   (You found it on level 1 of the Dungeon)
 d - a +1 pair of gloves of strength (worn)
   (You found it on level 1 of the Dungeon)
Magical Staves
 e - a staff of cold {!a}
   (You found it on level 1 of the Dungeon)
Jewellery
 D - a +6 ring of dexterity
   (You found it on level 1 of the Dungeon)
Scrolls
 g - a scroll of silence {!r}
 i - a scroll of blinking {unknown}
 k - a scroll of brand weapon {unknown}
 l - a scroll of acquirement {unknown}
Potions
 h - a potion of might {unknown}

Dungeon Overview and Level Annotations

Branches:
Dungeon (2/15) Zot: 11247

Altars:

#. #. # # ###.## .. #.
#..... ...
#..######.##.# ....
###.....##.##.#####...#
........##.##.#.......#
........K@...........#
###.....##..#...######
#.....##..#...########
#.........#...........
#.....###......########
#.#........#<### #..
#...)......#.#####.#
###########....##.#
####.##.# ##


You could see a kobold.


Message History

No target in view!
No target in view! 😎 HP[+1]
Your hp is fully restored (15).
l - a scroll labelled FENERAE DOPOR No target in view!
No target in view!
A goblin comes into view. It is wielding a +0 dagger.
The goblin shouts!
Unknown command.
A goblin is nearby!
A goblin is nearby!
You hit the goblin. The goblin hits you but does no damage.
A goblin is nearby!
A goblin is nearby!
You barely miss the goblin. The goblin hits you with a +0 dagger.
You closely miss the goblin. The goblin closely misses you. 😕 HP[-2]
You take 2 damage, and now have 13/15 hp.
A goblin is nearby!
You slash the goblin!
You kill the goblin!
No target in view! 😕 HP[+1]
You now have 16 max hp (+1).
You now have 82 gold pieces (gained 12).
Found a stone staircase leading up. 😎 HP[+2]
Your hp is fully restored (16).
No target in view!
No target in view!
There is a stone staircase leading up here.
A kobold comes into view. It is wielding a +0 short sword.
The kobold shouts!
An adder comes into view.
The kobold throws a stone.
The stone barely misses you.
The adder hisses angrily.
There are monsters nearby!
You closely miss the adder. The adder closely misses you.
You closely miss the adder. You block the adder's attack. The adder misses you.
There are monsters nearby!
You barely miss the adder. The adder barely misses you.
The kobold hits you with a +0 short sword.
You closely miss the adder. The adder closely misses you.
The kobold hits you but does no damage.
The adder bites you but does no damage. 😕 HP[-2]
You take 2 damage, and now have 14/16 hp.
There are monsters nearby!
You closely miss the adder. The adder bites you but does no damage.
The kobold hits you with a +0 short sword.
You hit the adder. The adder closely misses you. The kobold barely misses you.
The adder closely misses you. 😕 HP[-1]
You take 1 damage, and now have 13/16 hp.
There are monsters nearby!
You hit the adder but do no damage. The kobold hits you but does no damage.
The adder bites you but does no damage.
You closely miss the adder. The adder misses you.
The kobold hits you with a +0 short sword.
The adder closely misses you. The kobold barely misses you. 😮 HP[-2]
You take 2 damage, and now have 11/16 hp.
You are too injured to fight recklessly!
You are too injured to fight recklessly!
There are monsters nearby!
You are too injured to fight recklessly!
You are too injured to fight recklessly!
You closely miss the kobold. The adder bites you.
You are poisoned.
The adder poisons you!
The kobold hits you but does no damage. 😮 HP[-2]
You take 2 damage, and now have 9/16 hp.
You feel sick. 😨 HP[-2]
You take 2 damage, and now have 7/16 hp.
You feel sick. The adder closely misses you. 😨 HP[-1]
You take 1 damage, and now have 6/16 hp.
Casting: Kiss of Death (safe; 14% risk of failure)
Confirm with . or Enter, or press ? or * to list all spells.
Aiming: Kiss of Death (safe; 14% risk of failure)
Press: ? - help, Shift-Dir - straight line, f - adder
Aim: an adder (lightly wounded, 100% to hit)
The negative energy hits the adder!
The adder is drained!
You kill the adder!
You feel drained.
You feel sick. 😨 HP[-1] MP[-1]
You now have 12 max hp (-4).
You lost 1 mp, and now have 5/6 mp.
You barely miss the kobold.
You feel sick.
The kobold hits you with a +0 short sword.
* * * LOW HITPOINT WARNING * * *
😱 HP[-4]
You take 4 damage, and now have 1/12 hp.
MASSIVE DAMAGE!! (PAUSE)
You hit the kobold but do no damage.
* * * LOW HITPOINT WARNING * * *
You feel sick. You block the kobold's attack.
You hit the kobold.
You die...

Skill      XL: |  1  2 |
---------------+-------+-----
Dodging        | 2 |  2.1
Long Blades    | 3 |  3.2
Fighting       | |  2.3
Spellcasting   | |  2.2
Conjurations   | |  3.3

Action                   || total
-------------------------++-------
Melee: Falchion          ||    76
 Cast: Kiss of Death     ||     6
  Use: Scroll            ||     1
Armor: Leather armour    ||    35
Dodge: Dodged            ||    64
Block: Other             ||     2

Levels and vault maps discovered:
D:1:      heliophobic_arrival_henge, layout_rooms, minmay_pentomino_r4
D:2:      layout_loops_ring, basic_ecumenical_altar

Notes
Turn   | Place    | Note
-------+----------+-------------------------------------------
     0 | D:1      | kae the Demonspawn Reaver began the quest for the Orb.
     0 | D:1      | Reached XP level 1. HP: 16/16 MP: 3/3
     0 | D:1      | magus.rc [v1.11.3]
    59 | D:1      | Gained mutation: You have sharp fingernails. [demonic
                  | ancestry]
    59 | D:1      | Reached XP level 2. HP: 9/20 MP: 3/5
   124 | D:1      | Reached skill level 2 in Dodging
   127 | D:1      | Reached skill level 3 in Long Blades
   283 | D:1      | HP: 5/22 [kobold/+0 short sword (3)]
   288 | D:1      | HP: 3/22 [kobold/+0 dagger (3)]
   494 | D:1      | Gained mutation: A meltable shield of frost defends you.
                  | (SH +4) [demonic ancestry]
   494 | D:1      | Reached XP level 3. HP: 14/14 MP: 6/6
   740 | D:2      | HP: 1/12 [kobold/+0 short sword (3)]
   742 | D:2      | Succumbed to an adder's poison

Vanquished Creatures
  An adder (D:2)
  2 dart slugs
  2 bats (D:1)
  2 endoplasms (D:1)
  A giant cockroach (D:1)
  A hobgoblin (D:1)
  7 kobolds (D:1)
  A quokka (D:1)
  3 ball pythons (D:1)
  A frilled lizard (D:1)
  5 goblins
  A rat (D:1)
27 creatures vanquished.

Table legend:
 A = Non-vault XP
 B = Vault XP
 C = Vault XP percentage of total XP
 D = Non-vault monster count
 E = Vault monster count
 F = Vault count percentage of total count
                 A         B        C        D         E       F
            +---------+---------+-------+---------+---------+-------
      Total |      59 |       3 |   4.8 |      25 |       2 |   7.4
            +---------+---------+-------+---------+---------+-------
        D:1 |      39 |       3 |   7.1 |      22 |       2 |   8.3
        D:2 |      20 |       0 |   0.0 |       3 |       0 |   0.0
            +---------+---------+-------+---------+---------+-------

Illustrated notes

Table legend:
 A = Kills in this place as a percentage of kills in entire the game.
 B = Kills by you in this place as a percentage of kills by you in the entire game.
 C = Kills by friends in this place as a percentage of kills by friends in the entire game.
 D = Other kills in this place as a percentage of other kills in the entire game.
 E = Experience gained in this place as a percentage of experience gained in the entire game.
 F = Experience gained in this place divided by the number of levels of this place that you have seen.
                   A       B       C       D       E      F
               +-------+-------+-------+-------+-------+----------------------
         Total | 100.0 | 100.0 |   N/A |   N/A | 100.0 |  31.0
       Dungeon | 100.0 | 100.0 |   N/A |   N/A | 100.0 |  31.0
               +-------+-------+-------+-------+-------+----------------------

Table legend: (Time is in decaauts)
 A = Elapsed time spent in this place.
 B = Non-inter-level travel time spent in this place.
 C = Inter-level travel time spent in this place.
 D = Time resting spent in this place.
 E = Time spent auto-exploring this place.
 F = Levels seen in this place.
 G = Mean time per level.
                   A        B        C        D        E       F      G
               +--------+--------+--------+--------+--------+-----+--------+
         Total |    752 |    736 |     16 |     47 |    492 |   2 |  376.0 |
       Dungeon |    752 |    736 |     16 |     47 |    492 |   2 |  376.0 |
               +--------+--------+--------+--------+--------+-----+--------+

Top non-repeatable levels by time:
     D:1: 639 daAuts
     D:2: 113 daAuts
